 Dungeon Crawl Stone Soup version 0.19.1-1-g22dce08 (webtiles) character file.

1476 McKennaii the Gusty (level 8, -3/47 HPs)
             Began as a High Elf Air Elementalist on Jan 9, 2017.
             Was an Initiate of Sif Muna.
             Slain by a killer bee (8 damage)
             ... on level 7 of the Dungeon.
             The game lasted 00:18:03 (6343 turns).

McKennaii the Gusty (High Elf Air Elementalist)     Turns: 6343, Time: 00:18:04

Health: -3/47      AC:  4    Str:  7    XL:     8   Next: 49%
Magic:  11/19      EV: 13    Int: 22    God:    Sif Muna [......]
Gold:   565        SH:  0    Dex: 15    Spells: 6 memorised, 5 levels left

rFire  . . .     SeeInvis .     B - +0 long sword
rCold  . . .     Gourm    .     a - +0 robe
rNeg   . . .     Faith    .     (no shield)
rPois  .         Spirit   .     E - +0 helmet
rElec  .         Reflect  .     (no cloak)
rCorr  .         Harm     .     z - +0 pair of gloves
MR     +....                    (no boots)
Stlth  ++........               (no amulet)
                                (no ring)
                                e - ring of protection from magic

@: no status effects
A: no striking features
a: Renounce Religion


You were on level 7 of the Dungeon.
You worshipped Sif Muna.
Sif Muna was noncommittal.
You were not hungry.

You visited 2 branches of the dungeon, and saw 9 of its levels.

You collected 565 gold pieces.

Inventory:

Hand Weapons
 B - a +0 long sword (weapon)
Armour
 a - a +0 robe (worn)
 z - a +0 pair of gloves (worn)
 E - a +0 helmet (worn)
Jewellery
 e - a ring of protection from magic (left hand)
 r - the ring of Jamismar {rPois rC- MR+ Str+5 Dex-4, unknown}
   (You found it on level 4 of the Dungeon)

   [ring of protection from magic]

   It affects your strength (+5).
   It affects your dexterity (-4).
   It makes you vulnerable to cold.
   It protects you from poison.
   It affects your resistance to hostile enchantments.
 x - an uncursed ring of wizardry {unknown}
Wands
 w - a wand of digging (6/24)
 y - a wand of flame (17/48)
 D - a wand of enslavement (9/24)
Scrolls
 d - 2 scrolls of fog {unknown}
 f - a scroll of fear {unknown}
 g - a scroll of noise {unknown}
 h - 7 scrolls of teleportation {unknown}
 i - 5 scrolls of remove curse {unknown}
 j - 4 scrolls of enchant weapon {unknown}
 l - 3 scrolls of amnesia {unknown}
 m - 5 scrolls of identify {unknown}
 q - 2 scrolls of random uselessness {unknown}
 u - 2 scrolls of recharging {unknown}
 v - 2 scrolls of enchant armour {unknown}
Potions
 k - a potion of curing
 o - 2 potions of mutation {unknown}
 p - 3 potions of brilliance {unknown}
 s - a potion of invisibility {unknown}
 t - 3 potions of heal wounds {unknown}
 A - a potion of magic {unknown}
 C - a potion of flight {unknown}
 F - a potion of degeneration {unknown}
Books
 b - a book of Air

   Spells                             Type                      Level
   a - Shock                          Conjuration/Air              1
   b - Swiftness                      Charms/Air                   2
   c - Repel Missiles                 Charms/Air                   2
   d - Static Discharge               Conjuration/Air              3
   e - Lightning Bolt                 Conjuration/Air              5
 G - a book of Geomancy

   Spells                             Type                      Level
   a - Sandblast                      Earth                        1
   b - Passwall                       Transmutation/Earth          2
   c - Stone Arrow                    Conjuration/Earth            3
   d - Petrify                        Transmutation/Earth          4
   e - Lee's Rapid Deconstruction     Earth                        5
Comestibles
 c - 5 bread rations
 n - 2 meat rations


   Skills:
 + Level 0.8 Fighting
 + Level 0.2 Long Blades
 + Level 3.2 Dodging
 + Level 2.9 Stealth
 + Level 0.4 Unarmed Combat
 + Level 7.0 Spellcasting
 + Level 6.6 Conjurations
 + Level 7.2 Air Magic
 + Level 0.2 Earth Magic


You had 5 spell levels left.
You knew the following spells:

 Your Spells              Type           Power        Failure   Level  Hunger
a - Shock                 Conj/Air       ####         1%          1    None
b - Swiftness             Chrm/Air       ###.....     3%          2    None
c - Repel Missiles        Chrm/Air       ###...       3%          2    None
d - Static Discharge      Conj/Air       #####...     1%          3    None
e - Stone Arrow           Conj/Erth      ###...       8%          3    None
f - Lightning Bolt        Conj/Air       #####.....   14%         5    #####..


Dungeon Overview and Level Annotations

Branches:
Dungeon (8/15)             Temple (1/1) D:5
   Lair: D:8-11

Altars:
Ashenzari
Cheibriados
Dithmenos
Elyvilon
Fedhas
Gozag
Hepliaklqana
Kikubaaqudgha
Makhleb
Nemelex Xobeh
Okawaru
Qazlal
Ru
Sif Muna
Trog
Uskayaw
Vehumet
Xom
Yredelemnul
Zin
The Shining One

Shops:
D:6 =


Message History

You feel better. The killer bee stings you.
* * * LOW HITPOINT WARNING * * *
The killer bee stings you!
* * * LOW HITPOINT WARNING * * *
The killer bee closely misses you.
You riposte.
You miss the killer bee.
The killer bee is moderately wounded.
The killer bee completely misses you.
Casting: Shock
Confirm with . or Enter, or press ? or * to list all spells.
You don't know that spell.
Evoke which item? (* to show all) (? for menu, Esc to quit)
Zapping:
y - a wand of flame (will waste charges)
Press: ? - help, Shift-Dir - straight line, f - killer bee
Aim: a killer bee (moderately wounded)
The puff of flame misses the killer bee.
Evoking this partially-identified wand wasted a few charges.
The killer bee closely misses you.
You riposte.
You barely miss the killer bee.
The killer bee is moderately wounded.
The killer bee stings you!
You die...

#.####..# ######....##
#..##...# ##......##
##....### ##..####..# ######
###### #..## ##.## #....#
##.## ##.## # ##....# #.##
##.# ## #.....# #.## ##.
.##########.....## #..######
##
................@###.......##
#
............####yy###..###..#
....####....## ##..>..## ##.#
#....#...##..# ##.....## #.#
......######.## #..###.###.#
###.### ##.# ##.# ##....#
##.# ### ### ###.## ### ###


You could see 2 killer bees.

Vanquished Creatures
  2 sky beasts
  An ogre (D:5)
  3 bullfrogs (D:6)
  2 scorpions (D:4)
  2 howler monkeys
  A centaur zombie (D:7)
  2 crimson imps (D:7)
  A bullfrog zombie (D:7)
  3 centaur skeletons
  4 orc priests
  5 orc wizards
  A bullfrog skeleton (D:6)
  3 worker ants
  A hound skeleton (D:5)
  A howler monkey zombie (D:5)
  4 gnolls (D:5)
  10 adders
  An ooze (D:7)
  An adder zombie (D:7)
  A worm (D:3)
  2 dart slugs
  5 leopard geckos
  20 orcs
  2 ball pythons (D:2)
  4 bats
  3 giant cockroaches
  5 goblins
  7 hobgoblins
  10 jackals
  A kobold (D:2)
  2 quokkas
  9 frilled lizards
  A leopard gecko skeleton (D:6)
  2 leopard gecko zombies
  5 rats
127 creatures vanquished.

Notes
Turn   | Place    | Note
-------+----------+-------------------------------------------
     0 | D:1      | McKennaii the High Elf Air Elementalist began the quest for the Orb.
     0 | D:1      | Reached XP level 1. HP: 11/11 MP: 4/4
   524 | D:1      | Reached XP level 2. HP: 17/17 MP: 4/6
   528 | D:1      | Learned a level 2 spell: Swiftness
   531 | D:1      | Learned a level 2 spell: Repel Missiles
   923 | D:2      | Reached XP level 3. HP: 21/21 MP: 1/8
  1401 | D:2      | Reached XP level 4. HP: 25/27 MP: 1/10
  1625 | D:3      | Found a shattered altar of Ashenzari.
  2146 | D:3      | Found a faded altar of an unknown god.
  2146 | D:3      | Found an opulent altar of Gozag.
  2151 | D:3      | Found a faded altar of an unknown god.
  2153 | D:3      | Found a faded altar of an unknown god.
  2154 | D:3      | Found a faded altar of an unknown god.
  2421 | D:4      | Learned a level 3 spell: Static Discharge
  2423 | D:4      | Got a wavering jade ring
  2461 | D:4      | Reached XP level 5. HP: 24/31 MP: 6/11
  2742 | D:4      | Reached skill level 5 in Air Magic
  2845 | D:4      | Reached XP level 6. HP: 16/36 MP: 7/13
  2932 | D:5      | Entered Level 5 of the Dungeon
  2998 | D:5      | Noticed a sky beast
  3087 | D:5      | Found a staircase to the Ecumenical Temple.
  3094 | Temple   | Entered the Ecumenical Temple
  3428 | D:5      | Reached skill level 5 in Spellcasting
  3455 | D:5      | Found a sacrificial altar of Ru.
  3530 | D:5      | Found a shadowy altar of Dithmenos.
  3553 | D:5      | Found a stormy altar of Qazlal.
  3589 | D:5      | Reached XP level 7. HP: 42/42 MP: 8/15
  3614 | D:5      | Found a radiant altar of Vehumet.
  4063 | D:6      | Found a shadowy altar of Dithmenos.
  4313 | D:6      | Found a deep blue altar of Sif Muna.
  4408 | D:6      | Found Ycaeture's Jewellery Shoppe.
  4576 | D:6      | Reached skill level 5 in Conjurations
  5000 | D:7      | Found a hide-covered altar of Uskayaw.
  5045 | D:7      | Learned a level 3 spell: Stone Arrow
  5165 | D:7      | Learned a level 5 spell: Lightning Bolt
  5325 | D:7      | Reached XP level 8. HP: 28/47 MP: 8/18
  5543 | D:6      | Became a worshipper of Sif Muna the Loreminder
  6343 | D:7      | Slain by a killer bee

Skill      XL: |  1  2  3  4  5  6  7  8 |
---------------+-------------------------+-----
Air Magic      | 4 5 6 7 |  7.2
Spellcasting   | 3 4 5 6 7 |  7.0
Conjurations   | 2 3 4 5 6 |  6.6
Dodging        | 3 |  3.2
Fighting       | |  0.8
Long Blades    | |  0.2
Stealth        | |  2.9
Unarmed Combat | |  0.4
Earth Magic    | |  0.2

Action                   |  1- 3 |  4- 6 |  7- 9 || total
-------------------------+-------+-------+-------++-------
Melee: Unarmed           |     5 |     3 |       ||     8
       Long sword        |       |       |     6 ||     6
 Cast: Shock             |    58 |   131 |   164 ||   353
       Repel Missiles    |     1 |       |       ||     1
       Stone Arrow       |       |       |     7 ||     7
Evoke: Wand              |       |       |     1 ||     1
  Use: Potion            |       |       |     2 ||     2
  Eat: Pizza             |       |     1 |     1 ||     2
       Meat ration       |       |     1 |       ||     1
       Bread ration      |       |     1 |     1 ||     2
       Fruit             |       |       |     3 ||     3
Armor: Robe              |     2 |     1 |    15 ||    18
Dodge: Dodged            |     4 |    26 |    39 ||    69
       Deflected         |       |     1 |       ||     1
       Rpst.: Long sword |       |       |     6 ||     6
